 Dungeon Crawl Stone Soup version 0.20.0-15-g7f486f2 (webtiles) character file.

44 dobroeutro the Chopper (level 3, -3/29 HPs)
             Began as a Demonspawn Fighter on June 9, 2017.
             Was an Initiate of Okawaru.
             Slain by Sigmund
             ... wielding a +0 scythe
              (5 damage)
             ... on level 2 of the Dungeon.
             The game lasted 00:02:33 (1407 turns).

dobroeutro the Chopper (Demonspawn Fighter)         Turns: 1407, Time: 00:02:35

Health: -3/29      AC:  6    Str: 22    XL:     3   Next: 41%
Magic:  3/3        EV:  7    Int:  9    God:    Okawaru [......]
Gold:   41         SH:  9    Dex: 12    Spells: 2/2 levels left

rFire    . . .     SeeInvis .   a - +0 war axe
rCold    . . .     Gourm    .   c - +0 shield
rNeg     . . .     Faith    .   b - +0 scale mail
rPois    .         Spirit   .   (no helmet)
rElec    .         Reflect  .   (no cloak)
rCorr    .         Harm     .   (no gloves)
MR       .....                  (no boots)
Stlth    ..........             (no amulet)
Regen    0.1/turn               (no ring)
MPRegen  0.1/turn               (no ring)

@: mighty
A: demonic guardian 1
a: Renounce Religion


You were on level 2 of the Dungeon.
You worshipped Okawaru.
Okawaru was noncommittal.
You were near starving.

You visited 1 branch of the dungeon, and saw 2 of its levels.

You collected 41 gold pieces.

Inventory:

Hand Weapons
 a - a +0 war axe (weapon)
Armour
 b - a +0 scale mail (worn)
 c - a +0 shield (worn)
Jewellery
 i - an uncursed ring of fire
Wands
 m - a wand of disintegration (17/24)
Scrolls
 g - a scroll of enchant weapon {unknown}
 h - 2 scrolls of remove curse {unknown}
 j - 2 scrolls of teleportation {unknown}
Potions
 e - a potion of degeneration {unknown}
 k - a potion of curing {unknown}
 l - a potion of agility {unknown}
Comestibles
 f - a bread ration


   Skills:
 - Level 3.0 Fighting
 * Level 3.5 Axes
 - Level 2.6 Armour
 - Level 2.6 Shields


You had 2 spell levels left.
You didn't know any spells.

Dungeon Overview and Level Annotations

Branches:
Dungeon (2/15)

Altars:
Dithmenos
Okawaru
Trog
Yredelemnul

Annotations:
D:2 Sigmund


Innate Abilities, Weirdness & Mutations

A weak demonic guardian rushes to your aid.


Message History

A magic dart appears from out of thin air!
The magic dart hits you!
A puff of flame appears from out of thin air!
The puff of flame hits your ufetubus.
Your ufetubus is burned terribly!
Your ufetubus dies!
As you open the door, it creaks loudly!
Found a bloodstained altar of Trog and a basalt altar of Yredelemnul.
There is an open door here.
You feel very mighty all of a sudden. Something hits you but does no damage.
Something hits you.
Your shield prevents you from hitting something.
Something hits you.
You miss something. Something hits you.
You barely miss something. You slash something! Something hits you!
* * * LOW HITPOINT WARNING * * *
You slash something! Something hits you.
You die...

### #.... ##..# #....
#....# ##.## #_.⌠.##
#<# #.....# #.#
#....### #.#
#⌠...'.###########§#
##...{#..........§#§##
#....@#########..#§§.#
#_.⌠.## #§#§#§#§
#....# #§§§._§§ ##..##
#.#§#§#§ ### #.##§§§#
#.###.## #.# #.#
#.###.## ####.......


There were no monsters in sight!

Vanquished Creatures
  An adder (D:2)
  A dart slug (D:1)
  2 leopard geckos
  A giant cockroach (D:1)
  4 goblins
  3 hobgoblins (D:1)
  4 jackals (D:1)
  5 bats (D:1)
  3 frilled lizards (D:1)
  3 kobolds (D:1)
  4 rats (D:1)
31 creatures vanquished.

Notes
Turn   | Place    | Note
-------+----------+-------------------------------------------
     0 | D:1      | dobroeutro the Demonspawn Fighter began the quest for the Orb.
     0 | D:1      | Reached XP level 1. HP: 18/18 MP: 1/1
   100 | D:1      | Gained mutation: A weak demonic guardian rushes to your aid. [demonic ancestry]
   100 | D:1      | Reached XP level 2. HP: 16/24 MP: 2/2
   445 | D:1      | Reached XP level 3. HP: 29/29 MP: 3/3
   866 | D:2      | Found a shadowy altar of Dithmenos.
   943 | D:2      | Noticed Sigmund
  1320 | D:2      | Found an iron altar of Okawaru.
  1362 | D:2      | Became a worshipper of Warmaster Okawaru
  1396 | D:2      | Found a bloodstained altar of Trog.
  1396 | D:2      | Found a basalt altar of Yredelemnul.
  1407 | D:2      | Slain by Sigmund

Skill      XL: |  1  2 |
---------------+-------+-----
Axes           | 2 3 |  3.5
Fighting       | |  3.0
Armour         | |  2.6
Shields        | |  2.6

Action                   || total
-------------------------++-------
Melee: War axe           ||    98
  Use: Potion            ||     1
Armor: Scale mail        ||    61
Dodge: Dodged            ||    32
Block: Shield            ||    60
